 Dungeon Crawl Stone Soup version 0.30-a0-165-g1891117ce2 (webtiles) character file.

Game seed: 7042169672005295599

147 qw the Chopper (level 5, -4/32 HPs)
             Began as a Gargoyle Fighter on Sept 28, 2022.
             Killed by divine providence
             ... invoked by an orc priest
              (11 damage)
             ... on level 3 of the Dungeon.
             The game lasted 00:00:57 (2772 turns).

qw the Chopper (Gargoyle Fighter)                   Turns: 2772, Time: 00:00:57

Health: -4/32      AC: 14    Str: 22    XL:     5   Next: 29%
Magic:  5/5        EV:  9    Int:  8    God:
Gold:   105        SH:  4    Dex:  9    Spells: 4/4 levels left

rFire   . . .      SeeInvis +    Y - +0 war axe
rCold   . . .      Faith    .    c - +0 buckler
rNeg    + . .      Spirit   .    b - +0 scale mail
rPois   inf        Reflect  .    (no helmet)
rElec   +          Harm     .    (no cloak)
rCorr   .          Rampage  .    (no gloves)
Will    .....                    h - +2 pair of boots
Stlth   ..........               (no amulet)
HPRegen 0.10/turn                m - ring of see invisible
MPRegen 0.09/turn                (no ring)

@: no status effects
A: sickness immunity, AC +4, negative energy resistance 1, electricity
resistance, torment resistance 1, petrification resistance
a: no special abilities


You were on level 3 of the Dungeon.
You visited 1 branch of the dungeon, and saw 3 of its levels.

You collected 105 gold pieces.


Innate Abilities, Weirdness & Mutations

You are immune to sickness and miasma.
Your stone body is resilient. (AC +4)
You are immune to poison.
You resist negative energy. (rN+)
You are resistant to electric shocks. (rElec)
You are resistant to unholy torment.
You are immune to petrification.


   Skills:
 - Level 3.2 Fighting
 + Level 4.8 Axes
 - Level 3.2 Armour
 - Level 3.2 Shields


You had 4 spell levels left.
You didn't know any spells.
Your spell library was empty.

Inventory:

Hand Weapons
 e - a +0 whip
 Y - a +0 war axe (weapon)
Armour
 b - a +0 scale mail (worn)
 c - a +0 buckler (worn)
 h - a +2 pair of boots (worn)
Jewellery
 m - a ring of see invisible (left hand)
Scrolls
 j - 2 scrolls of identify
Potions
 a - 2 potions of attraction
 d - a potion of might
 i - a potion of haste
 k - a potion of curing
 l - a potion of flight {unknown}

Dungeon Overview and Level Annotations

Branches:
Dungeon (3/15)

Altars:
Wu Jian

Annotations:
D:2 1 runed translucent door, Crazy Yiuf


Message History

You miss the bat. The bat hits you but does no damage.
The bat closely misses you.
You miss the bat. You block the bat's attack. The bat barely misses you.
An orc priest comes into view. It is wielding a +0 short sword.
The bat misses you.
The orc priest calls down the wrath of Beogh upon you.
Beogh smites you!
You hit the bat.
You kill the bat!
A jackal comes into view.
The jackal barks!
You slash the orc!
You kill the orc!
A jackal comes into view.
The orc priest looks encouraged for a moment.
The jackal barks!
You slash the orc!
You kill the orc!
The giant cockroach closely misses you.
You barely miss the giant cockroach.
The giant cockroach bites you but does no damage.
You hit the giant cockroach.
The giant cockroach is moderately wounded.
The giant cockroach barely misses you.
The orc priest calls down the wrath of Beogh upon you.
Beogh smites you! You block the giant cockroach's attack.
You barely miss the giant cockroach.
The giant cockroach is moderately wounded.
You block the giant cockroach's attack.
The giant cockroach bites you but does no damage.
You closely miss the giant cockroach.
The giant cockroach is moderately wounded.
The giant cockroach bites you.
You hit the giant cockroach.
The giant cockroach is severely wounded.
The giant cockroach barely misses you.
The orc priest calls down the wrath of Beogh upon you.
Beogh smites you!
You die...

#.#..77.7..####
#.##......##
#.###....##
#...##''##
#>........
#.#######. #.#
#.# #@# #B# #h#
#o# .h. ...
....' ....#
.....#


You could see an orc priest, 2 jackals and a giant cockroach.

Vanquished Creatures
  Jessica (D:2)
  3 gnolls (D:3)
  3 adders
  A dart slug (D:3)
  4 orcs (D:3)
  3 endoplasms
  2 giant cockroaches
  6 goblins
  9 hobgoblins
  4 jackals (D:1)
  2 quokkas
  3 ball pythons
  3 bats
  2 frilled lizards
  6 kobolds
  5 rats
57 creatures vanquished.

Notes
Turn   | Place    | Note
-------+----------+-------------------------------------------
     0 | D:1      | qw the Gargoyle Fighter began the quest for the Orb.
     0 | D:1      | Reached XP level 1. HP: 14/14 MP: 1/1
     0 | D:1      | 0 ||| qw: Version: 0.2-a-10-g37ed214
     0 | D:1      | 0 ||| qw: Game counter: 732
     0 | D:1      | 0 ||| qw: Always use a shield: true
     0 | D:1      | 0 ||| qw: God list: Okawaru
     0 | D:1      | 0 ||| qw: Allow faded altars: false
     0 | D:1      | 0 ||| qw: Do Orc after D:15 true
     0 | D:1      | 0 ||| qw: Do second Lair branch before Depths: true
     0 | D:1      | 0 ||| qw: Lair rune preference: random
     0 | D:1      | 0 ||| qw: Plans: Normal, Zot:1-4, God:TSO, Crypt, Tomb,
                  | Pan, Slime:5, Hells, Abyss, Orb
     0 | D:1      | 0 ||| PLANNING D:1-11
    31 | D:1      | Reached skill level 2 in Axes
    53 | D:1      | 53 ||| Stepping ~*~*~tactically~*~*~ (stealth).
    82 | D:1      | Reached XP level 2. HP: 19/19 MP: 2/2
   267 | D:1      | 267 ||| Stepping ~*~*~tactically~*~*~ (stealth).
   268 | D:1      | 268 ||| Stepping ~*~*~tactically~*~*~ (stealth).
   412 | D:1      | Reached skill level 3 in Axes
   412 | D:1      | Found a faded altar of an unknown god.
   441 | D:1      | 441 ||| Stepping ~*~*~tactically~*~*~ (stealth).
   449 | D:1      | Reached XP level 3. HP: 19/23 MP: 3/3
   516 | D:1      | 516 ||| Stepping ~*~*~tactically~*~*~ (stealth).
   833 | D:1      | 833 ||| UPGRADING to +0 pair of boots.
   838 | D:1      | 838 ||| UPGRADING to ring of see invisible.
   839 | D:1      | 839 ||| READING scroll labelled GORCHO DYNWEWNE.
   940 | D:1      | 940 ||| READING scroll labelled BUATRI VUDU.
   941 | D:1      | 941 ||| READING 4 scrolls labelled HUBUNO TYLE.
   942 | D:1      | 942 ||| READING 2 scrolls labelled RYJ EVORIZI.
   943 | D:1      | 943 ||| READING 3 scrolls of identify.
   943 | D:1      | 943 ||| IDENTIFYING black potion
   944 | D:1      | 944 ||| READING 2 scrolls of identify.
   944 | D:1      | 944 ||| IDENTIFYING grey potion
   945 | D:1      | 945 ||| DROPPING potion of degeneration.
   946 | D:1      | 946 ||| DROPPING scroll of amnesia.
  1372 | D:2      | Noticed Jessica
  1379 | D:2      | Killed Jessica
  1380 | D:2      | Reached XP level 4. HP: 23/28 MP: 4/4
  1428 | D:2      | 1428 ||| DROPPING +0 club.
  1557 | D:2      | Reached skill level 4 in Axes
  1861 | D:2      | Found a runed translucent door.
  1862 | D:2      | Noticed Crazy Yiuf
  2015 | D:2      | 2015 ||| READING scroll labelled YTSANT PEEBIF.
  2016 | D:2      | 2016 ||| READING scroll labelled DAHOFRAXKE.
  2080 | D:2      | 2080 ||| READING 3 scrolls labelled BUTAIXUPAL.
  2081 | D:2      | 2081 ||| READING 2 scrolls of enchant armour.
  2081 | D:2      | 2081 ||| ENCHANTING +0 pair of boots.
  2082 | D:2      | 2082 ||| READING scroll of enchant armour.
  2082 | D:2      | 2082 ||| ENCHANTING +1 pair of boots.
  2083 | D:2      | 2083 ||| DRINKING 2 lumpy purple potions.
  2084 | D:2      | 2084 ||| DRINKING 2 white potions.
  2335 | D:3      | 2335 ||| Stepping ~*~*~tactically~*~*~ (hiding).
  2339 | D:3      | 2339 ||| Stepping ~*~*~tactically~*~*~ (stealth).
  2352 | D:3      | Reached XP level 5. HP: 11/32 MP: 5/5
  2362 | D:3      | 2362 ||| FLEEEEING.
  2368 | D:3      | 2368 ||| FLEEEEING.
  2572 | D:3      | 2572 ||| DROPPING +2 spectral club.
  2582 | D:3      | Found an ornate altar of the Wu Jian Council.
  2588 | D:3      | 2588 ||| Stepping ~*~*~tactically~*~*~ (stealth).
  2694 | D:3      | 2694 ||| Stepping ~*~*~tactically~*~*~ (hiding).
  2752 | D:3      | 2752 ||| Stepping ~*~*~tactically~*~*~ (stealth).
  2769 | D:3      | HP: 7/32 [orc priest/divine providence (15)]
  2772 | D:3      | Killed from afar by an orc priest

Levels and vault maps discovered:
D:1:      dpeg_arrival_rooms_b, layout_loops_ring,
          shapermc_ecumenical_altar_notcrosses, solitary_fountain
D:2:      layout_loops_ring, chequers_serial_rivers_large_a,
          uniq_crazy_yiuf_cottage, uniq_jessica
D:3:      layout_basic, mainiacjoe_overflow_chevrons, dreamdust_wishing_well,
          kennysheep_generic_room_3

Skill      XL: |  1  2  3  4 |
---------------+-------------+-----
Axes           | 2 3 4 |  4.8
Fighting       | |  3.2
Armour         | |  3.2
Shields        | |  3.2

Action                   |  1- 3 |  4- 6 || total
-------------------------+-------+-------++-------
Melee: War axe           |   105 |    89 ||   194
  Use: Scroll            |     6 |     5 ||    11
       Potion            |       |     2 ||     2
Armor: Scale mail        |    48 |    40 ||    88
Dodge: Dodged            |    42 |    45 ||    87
Block: Buckler           |    15 |    16 ||    31

Table legend:
 A = Non-vault XP
 B = Vault XP
 C = Vault XP percentage of total XP
 D = Non-vault monster count
 E = Vault monster count
 F = Vault count percentage of total count
                 A         B        C        D         E       F
            +---------+---------+-------+---------+---------+-------
      Total |     174 |      37 |  17.5 |      56 |       1 |   1.8
            +---------+---------+-------+---------+---------+-------
        D:1 |      43 |       0 |   0.0 |      25 |       0 |   0.0
        D:2 |      28 |      37 |  56.9 |      11 |       1 |   8.3
        D:3 |     103 |       0 |   0.0 |      20 |       0 |   0.0
            +---------+---------+-------+---------+---------+-------
